[Event "fics rated crazyhouse match"]
[Site "fics, Oklahoma City, OK USA"]
[Date "2000.10.01"]
[White "LINDEGREN"]
[WhiteElo "2404"]
[Black "Thufir"]
[BlackElo "2340"]
[TimeControl "120+0"]
[Result "1-0"]

1. e4 e6 2. Nc3 Nc6 3. d4 Nf6 4. a3 d5 5. exd5 exd5 6. Nf3 
P@e4 7. Ng5 Be7 8. Bb5 Bd7 9. Bxc6 bxc6 10. N@e5 B@e6 11. O-O O-O 
12. f3 exf3 13. Rxf3 Bg4 14. Ngxf7 Rxf7 15. Nxf7 Kxf7 16. P@h6 gxh6 17. Bxh6 
P@g7 18. Bxg7 Kxg7 19. P@g5 Ne4 20. Nxe4 dxe4 21. R@f7+ Kg8 22. N@h6+ Kh8 
23. P@g7# 
{Thufir checkmated} 1-0

[Event "fics rated crazyhouse match"]
[Site "fics, Oklahoma City, OK USA"]
[Date "2000.10.01"]
[White "Thufir"]
[WhiteElo "2333"]
[Black "LINDEGREN"]
[BlackElo "2411"]
[TimeControl "120+0"]
[Result "1-0"]

1. e4 Nf6 2. e5 Nd5 3. d4 e6 4. Nf3 d6 5. Be2 Nc6 6. O-O 
Bd7 7. c4 Nb6 8. exd6 Bxd6 9. Be3 P@g4 10. Ng5 e5 11. d5 Nd4 
12. Bxd4 Qxg5 13. Bxb6 axb6 14. N@e4 Qe7 15. N@h5 f5 16. P@f6 gxf6 17. Nexf6+ 
Kd8 18. P@g7 Re8 19. Nxe8 Qxe8 20. Nf6 N@f4 21. Nxe8 B@e4 22. f3 N@h3+ 
23. Kh1 Bxe8 24. g8=Q N@f2+ 25. Rxf2 Nxf2+ 26. Kg1 N4h3+ 27. gxh3 Nxh3+ 28. Kh1 
P@g2+ 29. Kxg2 Nf4+ 30. Kf2 Bc5+ 31. P@d4 R@g2+ 32. Ke1 Rg1+ 33. N@f1 Ng2+ 
34. Kd2 Bb4+ 35. N@c3 P@e3+ 36. Kc1 
{LINDEGREN forfeits on time} 1-0

[Event "fics rated crazyhouse match"]
[Site "fics, Oklahoma City, OK USA"]
[Date "2000.10.01"]
[White "LINDEGREN"]
[WhiteElo "2401"]
[Black "Thufir"]
[BlackElo "2343"]
[TimeControl "120+0"]
[Result "1-0"]

1. e4 e6 2. Nc3 Nc6 3. d4 Nf6 4. a3 d5 5. e5 Ne4 6. Nh3 
Be7 7. Be2 O-O 8. O-O Nxc3 9. bxc3 N@e4 10. Bd2 f6 11. exf6 Bxf6 
12. N@h5 P@g6 13. Nxf6+ Nxf6 14. B@h4 N@f5 15. Bxf6 gxf6 16. N@h6+ Nxh6 17. Bxh6 
N@f5 18. Bxf8 Qxf8 19. P@g5 fxg5 20. Nxg5 B@e8 21. P@f7+ Bxf7 22. Nxf7 Qxf7 
23. N@g5 Qg7 24. B@f7+ Qxf7 25. Nxf7 Kxf7 26. Bg4 Ng7 27. Qf3+ P@f5 28. R@h8 
B@g8 29. Rxg8 Kxg8 30. B@h6 B@f8 31. Bxf5 exf5 32. P@f6 N@h4 33. Qh3 N@e2+ 
34. Kh1 Nxg2 35. fxg7 Bxg7 36. Bxg7 Be6 37. Q@h8+ Kf7 38. N@g5+ Ke7 39. Qxa8 
B@c8 40. B@f6+ Kd7 41. Nxe6 Ngf4 42. Nxf4 Nxf4 43. N@c5+ Kd6 44. Be5+ Nxe5 
45. Bxe5+ Ke7 46. B@f6+ Kf7 47. Qxh7+ Ke8 48. Qe7# 
{Thufir checkmated} 1-0

[Event "fics rated crazyhouse match"]
[Site "fics, Oklahoma City, OK USA"]
[Date "2000.10.01"]
[White "Thufir"]
[WhiteElo "2336"]
[Black "LINDEGREN"]
[BlackElo "2408"]
[TimeControl "120+0"]
[Result "0-1"]

1. e4 Nf6 2. e5 Nc6 3. d4 Nd5 4. Nf3 e6 5. Be2 d6 6. O-O 
Bd7 7. c4 Nb6 8. exd6 Bxd6 9. Be3 O-O 10. Nc3 f5 11. P@c5 P@e4 
12. Ng5 Be7 13. Ngxe4 fxe4 14. Nxe4 Nxc4 15. Bxc4 P@d5 16. P@f6 dxe4 17. fxe7 
Qxe7 18. P@e5 P@f3 19. gxf3 exf3 20. B@h3 P@g2 21. Re1 N@f4 22. Bxf4 Rxf4 
23. P@f6 N@g5 24. Bxg2 gxf6 25. exf6 Rxf6 26. P@f7+ Qxf7 27. Bxf3 Nxf3+ 28. Kh1 
P@g2+ 29. Kxg2 Nh4+ 30. Kh1 P@g2+ 31. Kg1 Nxd4 32. N@e5 Ndf3+ 33. Nxf3 Nxf3+ 
34. Qxf3 Rxf3 35. N@h6+ Kf8 36. P@e7+ Qxe7 37. N@g3 N@h3+ 38. Kxg2 Rxf2+ 39. Kxh3 
P@g4+ 40. Kxg4 Q@g5+ 41. Kh3 Qh4# 
{Thufir checkmated} 0-1

[Event "fics rated crazyhouse match"]
[Site "fics, Oklahoma City, OK USA"]
[Date "2000.10.01"]
[White "LINDEGREN"]
[WhiteElo "2414"]
[Black "Thufir"]
[BlackElo "2330"]
[TimeControl "120+0"]
[Result "0-1"]

1. e4 e6 2. Nc3 Nc6 3. d4 Bb4 4. Nf3 Nf6 5. Bd3 d5 6. exd5 
exd5 7. Qe2+ P@e4 8. Bb5 Bg4 9. Rg1 Qe7 10. Bxc6+ bxc6 11. N@e5 exf3 
12. gxf3 Bxc3+ 13. bxc3 Bd7 14. B@h4 B@b5 15. P@d3 N@h3 16. Rg3 N@f4 17. Bxf4 
Nxf4 18. Qd2 N4h5 19. Rg1 B@f4 20. P@e3 Bxe5 21. dxe5 Qxe5 22. B@g3 P@f4 
23. Bxf6 gxf6 24. N@g7+ Kd8 25. Nxh5 fxg3 26. Nxg3 B@b2 27. P@d4 Qe7 28. Rb1 
Bxc3 29. Qxc3 N@a4 30. N@b7+ Kc8 31. Qb3 B@c3+ 32. Ke2 P@f4 33. Nc5 Nxc5 
34. dxc5 fxe3 35. fxe3 N@d4+ 36. Kf2 Nxb3 37. P@b7+ Kxb7 38. N@e4 dxe4 39. Nxe4 
Qxe4 40. P@a6+ Bxa6 41. Rxb3+ P@b4 42. N@a5+ Kc8 
{LINDEGREN forfeits on time} 0-1

[Event "fics rated crazyhouse match"]
[Site "fics, Oklahoma City, OK USA"]
[Date "2000.10.01"]
[White "Thufir"]
[WhiteElo "2340"]
[Black "LINDEGREN"]
[BlackElo "2404"]
[TimeControl "120+0"]
[Result "0-1"]

1. e4 Nf6 2. e5 Nd5 3. d4 e6 4. Nf3 d6 5. exd6 Nc6 6. dxc7 
Qxc7 7. P@e5 Bb4+ 8. P@c3 Bf8 9. Bd3 P@f5 10. O-O Be7 11. c4 Ndb4 
12. Nc3 Nxd3 13. cxd3 O-O 14. N@h5 f6 15. exf6 Bxf6 16. Nxf6+ Rxf6 17. B@g5 
Rf8 18. d5 P@g4 19. dxc6 gxf3 20. Qxf3 N@d4 21. Qh5 B@g6 22. Qd1 bxc6 
23. P@e7 Re8 24. P@f6 P@e2 25. Nxe2 N@f3+ 26. Kh1 Qxh2# 
{Thufir checkmated} 0-1

[Event "fics rated crazyhouse match"]
[Site "fics, Oklahoma City, OK USA"]
[Date "2000.10.01"]
[White "LINDEGREN"]
[WhiteElo "2411"]
[Black "Thufir"]
[BlackElo "2333"]
[TimeControl "120+0"]
[Result "0-1"]

1. e4 e6 2. Nc3 Nc6 3. d4 Bb4 4. a3 Ba5 5. Nf3 Nf6 6. Bd3 
d5 7. e5 Ne4 8. Bd2 Nxd2 9. Qxd2 B@e4 10. N@h5 Rg8 11. Rg1 Bxf3 
12. gxf3 Nxd4 13. B@e2 P@g6 14. Nf4 N@g5 15. Rg3 Bxc3 16. bxc3 Nxe2 17. Bxe2 
B@h4 18. Rg4 N@f5 19. B@d3 Bxf2+ 20. Kxf2 P@e3+ 21. Qxe3 Nxe3 22. Kxe3 Q@b2 
23. Rd1 Qxc3 24. B@b4 Qxe5+ 25. Kf2 P@e3+ 26. Kf1 P@d6 27. P@d4 Qxd4 28. Bb5+ 
P@c6 29. Rxd4 cxb5 
{LINDEGREN forfeits on time} 0-1

[Event "fics rated crazyhouse match"]
[Site "fics, Oklahoma City, OK USA"]
[Date "2000.10.02"]
[White "pminear"]
[WhiteElo "2461"]
[Black "fermy"]
[BlackElo "2202"]
[TimeControl "180+0"]
[Result "1-0"]

1. e4 e5 2. Nf3 Nc6 3. Bc4 Bc5 4. Nc3 Nf6 5. d3 d6 6. O-O 
Nd4 7. Nxd4 Bxd4 8. Be3 Be6 9. Bxd4 exd4 10. Nd5 Bxd5 11. Bxd5 c6 
12. Bxf7+ Kxf7 13. B@b3+ Ke7 14. N@f7 Qc8 15. B@f5 B@d7 16. Bxd7 Kxd7 17. B@f5+ 
Kc7 18. Bxc8 Raxc8 19. Nxh8 Rxh8 20. Q@f7+ N@d7 21. P@e6 B@g6 22. Qxg7 Rg8 
23. Qxg8 Nxg8 24. exd7 Ne7 25. Be6 N@f4 26. N@a8# 
{fermy resigns} 1-0

[Event "fics rated crazyhouse match"]
[Site "fics, Oklahoma City, OK USA"]
[Date "2000.10.02"]
[White "fermy"]
[WhiteElo "2199"]
[Black "pminear"]
[BlackElo "2464"]
[TimeControl "180+0"]
[Result "0-1"]

1. e4 e5 2. Nf3 Nc6 3. Bc4 Bc5 4. Nc3 Nf6 5. d3 O-O 6. O-O 
d6 7. Bg5 Bg4 8. Bxf6 Qxf6 9. Nd5 Qd8 10. c3 B@h5 11. N@e1 Kh8 
12. h3 Bxf3 13. Nxf3 N@g3 14. Re1 Ne7 15. Nxe7 Qxe7 16. B@h4 Qxh4 17. Nxh4 
Bxf2+ 18. Kxf2 Bxd1 19. Raxd1 P@e3+ 20. Rxe3 N@h1+ 21. Kg1 B@f2+ 22. Kh2 Bxe3 
23. B@f6 Nf1+ 24. Rxf1 Q@g3# 
{fermy resigns} 0-1

[Event "fics rated crazyhouse match"]
[Site "fics, Oklahoma City, OK USA"]
[Date "2000.10.02"]
[White "pminear"]
[WhiteElo "2467"]
[Black "fermy"]
[BlackElo "2196"]
[TimeControl "180+0"]
[Result "1-0"]

1. e4 e5 2. Nf3 Nc6 3. Bc4 Bc5 4. Nc3 Nf6 5. d3 d6 6. O-O 
O-O 7. Bg5 Bg4 8. h3 Bxf3 9. Qxf3 Nd4 10. Qd1 Ne6 11. B@h4 Nxg5 
12. Bxg5 N@f4 13. Bxf6 Qxf6 14. N@d5 Qh6 15. Nxf4 exf4 16. N@f5 Qg5 17. N@f3 
Qd8 18. d4 Bb4 19. Nd5 B@e6 20. Nxf4 Bxc4 21. P@e7 Qd7 22. exf8=Q+ Rxf8 
23. Nxg7 P@e2 24. Nxe2 Bxe2 25. Qxe2 N@f4 26. Qe3 B@h6 27. P@g5 Bxg7 28. P@f6 
Nxh3+ 29. gxh3 Qxh3 30. R@g3 Qxg3+ 31. fxg3 N@g4 32. N@e7+ Kh8 33. fxg7+ Kxg7 
34. B@h6+ Nxh6 35. Q@f6# 
{fermy checkmated} 1-0

[Event "fics rated crazyhouse match"]
[Site "fics, Oklahoma City, OK USA"]
[Date "2000.10.02"]
[White "fermy"]
[WhiteElo "2193"]
[Black "pminear"]
[BlackElo "2470"]
[TimeControl "180+0"]
[Result "0-1"]

1. e4 e5 2. Nf3 Nc6 3. Bc4 Bc5 4. Nc3 Nf6 5. d3 O-O 6. O-O 
d6 7. Bg5 Bg4 8. h3 Bxf3 9. Qxf3 Nd4 10. Qd1 c6 11. B@h4 N@d7 
12. Ne2 h6 13. Bxf6 Nxf6 14. Nxd4 Bxd4 15. N@g6 d5 16. exd5 fxg6 17. dxc6+ 
Kh7 18. cxb7 Rb8 19. N@e6 Qb6 20. P@c7 B@c5 21. Nxf8+ Rxf8 22. c8=Q Bxf2+ 
23. Bxf2 Bxf2+ 24. Rxf2 P@h2+ 25. Kxh2 Qxf2 26. R@h8+ Kxh8 27. Qxf8+ B@g8 28. Qxg7+ 
Kxg7 29. B@f8+ Kh7 30. R@g7+ Kh8 31. Rxg8+ Nxg8 32. B@g7+ Kh7 33. Bxg8+ Kxg8 
34. B@e6+ P@f7 35. N@e7+ Kh7 36. P@g3 B@f4 37. Qf3 Bxg3+ 38. Qxg3 Qxg3+ 39. Kxg3 
P@f4+ 40. Kh2 Q@g3# 
{fermy forfeits on time} 0-1

[Event "fics rated crazyhouse match"]
[Site "fics, Oklahoma City, OK USA"]
[Date "2000.10.03"]
[White "Igy"]
[WhiteElo "2362"]
[Black "JKiller"]
[BlackElo "2535"]
[TimeControl "180+0"]
[Result "0-1"]

1. e4 e6 2. Nc3 d5 3. exd5 exd5 4. d4 Bb4 5. a3 Qe7+ 6. P@e5 
Bxc3+ 7. bxc3 N@e4 8. B@b4 P@d6 9. Bd3 Nxf2 10. Kxf2 Nc6 11. Bb5 a5 
12. exd6 cxd6 13. Bxd6 Qxd6 14. P@e5 Qe7 15. P@d6 Qh4+ 16. g3 Qe4 17. N@c7+ 
Kf8 18. Nxa8 Qxh1 19. Nc7 R@g2+ 20. Ke3 B@f2+ 21. Kf4 g5+ 22. Kxg5 h6+ 
23. Kh5 Qxh2+ 24. P@h3 P@g6# 
{Igy resigns} 0-1

[Event "fics rated crazyhouse match"]
[Site "fics, Oklahoma City, OK USA"]
[Date "2000.10.03"]
[White "JKiller"]
[WhiteElo "2539"]
[Black "Igy"]
[BlackElo "2358"]
[TimeControl "180+0"]
[Result "1-0"]

1. e4 Nf6 2. e5 d5 3. exf6 exf6 4. Bb5+ Nc6 5. Qe2+ Be7 6. d4 
O-O 7. Bxc6 bxc6 8. Nc3 B@c4 9. Qd1 Bb4 10. N@e3 Re8 11. N@d3 Bxd3 
12. cxd3 P@f4 13. Ne2 fxe3 14. Bxe3 N@f5 15. O-O Nxe3 16. fxe3 Rxe3 17. B@f4 
Re8 18. P@e5 P@h3 19. gxh3 Bxh3 20. exf6 P@g2 21. Rf2 N@g4 22. P@e7 Bxe7 
23. fxe7 Qxe7 24. B@g5 P@f6 25. N@f5 Qe6 26. Nxg7 Kxg7 27. P@f5 Qxf5 28. Ng3 
Qe6 29. Bxf6+ Qxf6 30. Nh5+ Kh8 31. Nxf6 Re1+ 32. Qxe1 P@g7 33. R@e8# 
{Igy resigns} 1-0

[Event "fics rated crazyhouse match"]
[Site "fics, Oklahoma City, OK USA"]
[Date "2000.10.03"]
[White "Igy"]
[WhiteElo "2354"]
[Black "JKiller"]
[BlackElo "2543"]
[TimeControl "180+0"]
[Result "0-1"]

1. Nf3 d5 2. d3 Nc6 3. Nc3 Nf6 4. Bg5 d4 5. Ne4 Qd5 6. e3 
Nxe4 7. dxe4 Qxe4 8. Bd3 Qd5 9. exd4 P@e4 10. N@c3 exf3 11. Nxd5 fxg2 
12. Nxc7+ Kd8 13. Q@e8+ Kxc7 14. Rg1 N@d6 15. Bf4 P@e5 16. Bxe5 Nxe5 17. dxe5 
Nxe8 18. N@b5+ Kb8 19. P@d6 exd6 20. exd6 B@a5+ 21. c3 Bxd6 22. Nxd6 Nxd6 
23. B@g3 P@c7 24. Bxd6 cxd6 25. P@b4 Bc7 26. P@e3 B@c6 27. P@f3 N@h4 28. N@d4 
N@h3 29. Kd2 Q@d5 30. e4 Qxd4 31. cxd4 Nxg1 32. Q@g3 Nhxf3+ 33. Qdxf3 Nxf3+ 
34. Qxf3 Q@g5+ 35. N@e3 g1=Q 36. Rxg1 Qxg1 37. N@e1 R@a1 38. Bf1 N@c4+ 39. Kc2 
Nxe3+ 40. fxe3 R@f2+ 41. Qxf2 Qxf2+ 42. N@d2 Q@c1# 
{Igy forfeits on time} 0-1

[Event "fics rated crazyhouse match"]
[Site "fics, Oklahoma City, OK USA"]
[Date "2000.10.03"]
[White "JKiller"]
[WhiteElo "2547"]
[Black "Igy"]
[BlackElo "2350"]
[TimeControl "180+0"]
[Result "0-1"]

1. e4 Nf6 2. e5 d5 3. exf6 exf6 4. Bb5+ Nc6 5. Qe2+ Be7 6. N@d4 
Bd7 7. Bxc6 bxc6 8. N@f5 B@f8 9. Nc3 P@e5 10. Nxe7 Bxe7 11. Ndf3 N@f4 
12. Qf1 Bf5 13. d3 Bb4 14. B@b7 O-O 15. Bxc6 d4 16. Bd2 dxc3 17. bxc3 
Bc5 18. P@e3 Nxd3+ 19. cxd3 Bxd3 20. P@c2 Bxf1 21. Kxf1 P@b2 22. Rd1 Q@a1 
23. B@b1 N@a3 24. Bxa8 Nxb1 25. R@e1 Nxd2+ 26. Nxd2 B@a6+ 27. N@e2 Qxa8 28. Rxa1 
bxa1=Q 29. Rxa1 B@c6 30. P@f3 Rd8 31. Rd1 P@b2 32. N@b1 R@c1 33. Q@e1 Rxd1 
34. Qxd1 R@c1 35. R@e1 Rxd1 36. Rxd1 B@b5 37. R@e1 Q@a4 38. h4 Qxc2 39. Rh3 
Qa4 40. Nb3 P@c2 41. Rxd8+ Qxd8 42. R@d2 Bd6 43. Rxc2 Bxe2+ 44. Nxe2 Bxe2+ 
45. Rexe2 Qxa2 46. Rg3 Qxb1+ 47. B@e1 P@g6 48. Rxb2 Qd3 49. P@g5 R@h1+ 50. B@g1 
N@h2# 
{JKiller checkmated} 0-1

[Event "fics rated crazyhouse match"]
[Site "fics, Oklahoma City, OK USA"]
[Date "2000.10.03"]
[White "Igy"]
[WhiteElo "2362"]
[Black "JKiller"]
[BlackElo "2535"]
[TimeControl "180+0"]
[Result "1-0"]

1. e4 e6 2. Nc3 d5 3. exd5 exd5 4. Bb5+ c6 5. Be2 Nf6 6. d4 
Be6 7. Bf4 Nbd7 8. Nf3 Nh5 9. Bg5 Be7 10. Bxe7 Qxe7 11. P@e5 Nf4 
12. Rg1 Nxe2 13. Qxe2 P@e4 14. B@d6 Qd8 15. N@c7+ Qxc7 16. Bxc7 exf3 17. gxf3 
N@f4 18. P@d6 B@h4 19. Qd2 N@h3 20. Rxg7 Nxf2 21. P@g3 Ng2+ 22. Kxf2 P@e3+ 
23. Kxg2 B@h3+ 24. Kg1 exd2 25. gxh4 Q@e1+ 26. B@f1 Qxh4 27. N@g2 Qxd4+ 28. N@f2 
P@e3 29. Q@g8+ Rxg8 30. Rxg8+ Nf8 31. Rxf8+ Kxf8 32. R@h8+ Kg7 33. N@d1 exf2+ 
34. Nxf2 Qxf2+ 35. Kxf2 Q@d4+ 36. P@e3 
{JKiller forfeits on time} 1-0

[Event "fics rated crazyhouse match"]
[Site "fics, Oklahoma City, OK USA"]
[Date "2000.10.03"]
[White "JKiller"]
[WhiteElo "2523"]
[Black "Igy"]
[BlackElo "2374"]
[TimeControl "180+0"]
[Result "1-0"]

1. e4 Nf6 2. e5 d5 3. exf6 exf6 4. Bb5+ c6 5. Qe2+ Be7 6. Nc3 
P@d4 7. Nxd5 O-O 8. Nxe7+ Kh8 9. Ng6+ hxg6 10. P@e7 Qe8 11. exf8=Q+ Qxf8 
12. R@e8 
{Igy resigns} 1-0

[Event "fics rated crazyhouse match"]
[Site "fics, Oklahoma City, OK USA"]
[Date "2000.10.03"]
[White "Igy"]
[WhiteElo "2369"]
[Black "JKiller"]
[BlackElo "2528"]
[TimeControl "180+0"]
[Result "0-1"]

1. d4 Nf6 2. Nf3 d6 3. Bg5 e6 4. Nc3 Be7 5. e4 O-O 6. Bd3 
Nc6 7. O-O e5 8. dxe5 dxe5 9. P@h6 gxh6 10. Bxh6 P@g4 11. Ng5 P@g7 
12. Bxg7 Kxg7 13. P@f5 B@f4 14. Nxh7 Kxh7 15. P@h5 Nd4 16. P@g6+ Kg7 17. Nd5 
N@f3+ 18. Kh1 fxg6 19. hxg6 P@h3 20. Rg1 Bxf5 21. Nxf6 Rxf6 22. N@h5+ Kxg6 
23. Nxf4+ exf4 24. exf5+ Kg7 25. gxh3 Nxg1 26. Qxg1 R@g5 27. hxg4 f3 28. h3 
P@g2+ 29. Kh2 Bd6+ 30. P@g3 P@h4 31. P@f4 Bxf4 32. gxf4 P@g3+ 33. fxg3 hxg3+ 
34. Kxg3 N@h1+ 35. Kh4 Rh6+ 36. P@h5 Rgxh5# 
{Igy checkmated} 0-1

[Event "fics rated crazyhouse match"]
[Site "fics, Oklahoma City, OK USA"]
[Date "2000.10.03"]
[White "MyPartner"]
[WhiteElo "2382"]
[Black "Lamer"]
[BlackElo "2151"]
[TimeControl "180+0"]
[Result "0-1"]

1. e4 e6 2. d4 Nf6 3. e5 Nd5 4. Nf3 Nc6 5. Be2 d6 6. exd6 
Bxd6 7. O-O O-O 8. Nc3 Nxc3 9. bxc3 f5 10. P@e5 Be7 11. N@h5 P@g4 
12. Ne1 Rf7 13. Nd3 Qe8 14. Nxg7 Rxg7 15. P@f6 Rg6 16. fxe7 Qxe7 17. B@c5 
Qf7 18. Nb4 Bd7 19. Nxc6 Bxc6 20. N@e7+ Kg7 21. Nxg6 hxg6 22. R@e7 Qxe7 
23. Bh6+ Kh7 24. Bxg4 fxg4 25. Qxg4 Qf7 26. P@d5 B@h5 27. Qxh5 gxh5 28. dxc6 
N@h3+ 29. gxh3 N@f3+ 30. Kh1 P@g2+ 31. Kxg2 N@h4+ 32. Kh1 Q@g2# 
{MyPartner checkmated} 0-1

[Event "fics rated crazyhouse match"]
[Site "fics, Oklahoma City, OK USA"]
[Date "2000.10.03"]
[White "Lamer"]
[WhiteElo "2270"]
[Black "MyPartner"]
[BlackElo "2370"]
[TimeControl "180+0"]
[Result "1-0"]

1. e4 e6 2. Nc3 d6 3. Nf3 Nc6 4. d4 d5 5. e5 Bb4 6. Bd3 
Bxc3+ 7. bxc3 N@e4 8. Bd2 Nge7 9. B@h4 h6 10. Bxe4 dxe4 11. N@h5 Rg8 
12. Bxe7 Qxe7 13. N@f6+ gxf6 14. exf6 Qd8 15. P@e7 Nxe7 16. fxe7 Kxe7 17. Bxh6 
exf3 18. Qxf3 N@f5 19. P@f6+ Kd7 20. P@e7 Nxe7 21. fxe7 P@d2+ 22. Bxd2 Qxe7 
23. N@f6+ Kd8 24. Nxg8 P@b2 25. Rd1 N@h4 26. Qg4 P@f5 27. Nxe7 fxg4 28. N@c6+ 
bxc6 29. Nxc6+ Kd7 30. Ne5+ Ke7 31. P@d6+ cxd6 32. Q@f6+ Kf8 33. Qxf7# 
{MyPartner checkmated} 1-0

[Event "fics rated crazyhouse match"]
[Site "fics, Oklahoma City, OK USA"]
[Date "2000.10.04"]
[White "PJK"]
[WhiteElo "2268"]
[Black "GhostShell"]
[BlackElo "2331"]
[TimeControl "60+0"]
[Result "0-1"]

1. Nf3 e6 2. g3 Nc6 3. Bg2 Nf6 4. d4 d5 5. Nc3 Be7 6. O-O 
O-O 7. Re1 Ne4 8. Bf4 Bf6 9. Ne5 Nxc3 10. bxc3 N@e4 11. Nxc6 bxc6 
12. Bxe4 dxe4 13. N@c5 B@a6 14. Nxe4 Be7 15. P@f6 Bxf6 16. Nxf6+ Qxf6 17. N@e4 
Qg6 18. N@h4 Qxe4 19. B@d3 Bxd3 20. exd3 N@h3+ 21. Kf1 Qh1+ 22. Ke2 B@h5+ 
23. f3 Qxh2+ 24. B@g2 P@b2 25. Rh1 bxa1=Q 26. Qxa1 N@g1+ 27. Kf1 P@e2+ 28. Ke1 
R@d1+ 29. Qxd1 exd1=Q+ 30. Kxd1 Q@b1+ 31. Bc1 Qxh1 32. Bxh1 R@f1+ 33. Kd2 Rf2+ 
34. Ke1 Re2+ 35. Kd1 Qxc1+ 36. Kxc1 B@a3+ 37. Kb1 Re1# 
{PJK resigns} 0-1

[Event "fics rated crazyhouse match"]
[Site "fics, Oklahoma City, OK USA"]
[Date "2000.10.04"]
[White "GhostShell"]
[WhiteElo "2344"]
[Black "PJK"]
[BlackElo "2261"]
[TimeControl "60+0"]
[Result "1-0"]

1. e4 Nc6 2. Nc3 e6 3. Nf3 Nge7 4. d4 d5 5. exd5 Nxd5 6. Bd3 
Bb4 7. Bd2 Bxc3 8. bxc3 P@b4 9. cxb4 Ndxb4 10. O-O Nxd3 11. cxd3 N@d5 
12. N@h5 B@f6 13. P@e5 P@e7 14. exf6 exf6 15. Nxg7+ Ke7 16. P@e5 Rg8 17. B@h4 
Rxg7 18. exf6+ Nxf6 19. Bxf6+ Kxf6 20. N@h5+ Ke7 21. P@f6+ Kd7 22. fxg7 P@d6 
23. R@f8 B@e8 24. g8=Q N@h6 25. Qxh7 Qe7 26. Rxe8 Kxe8 27. P@f6 Qf8 28. P@g7 
Qg8 29. Qxg8+ Nxg8 30. Q@f8+ Kd7 31. Qxf7+ Nge7 32. fxe7 R@e8 33. N@f6# 
{PJK checkmated} 1-0

[Event "fics rated crazyhouse match"]
[Site "fics, Oklahoma City, OK USA"]
[Date "2000.10.04"]
[White "PJK"]
[WhiteElo "2255"]
[Black "GhostShell"]
[BlackElo "2355"]
[TimeControl "60+0"]
[Result "0-1"]

1. Nf3 e6 2. Nc3 b6 3. d4 Bb7 4. e4 Nf6 5. Bd3 Bb4 6. e5 
Ne4 7. Bxe4 Bxe4 8. Qe2 B@b7 9. Bd2 Bxc3 10. Bxc3 Bxf3 11. gxf3 N@f4 
12. Qd2 N@h4 13. B@e2 Nxe2 14. Qxe2 Bxf3 15. Qxf3 Nxf3+ 16. Kd1 P@g2 17. Re1 
Nxe1 18. Bxe1 g1=Q 19. N@e3 B@h5+ 20. B@e2 Bxe2+ 21. Kxe2 Q@f4 22. B@g3 B@f3+ 
23. Kd2 Qxd4+ 24. B@d3 R@e2+ 25. Kc1 Qxe1+ 26. N@d1 P@d2+ 27. Kb1 Rxe3 28. N@c3 
Qc4 29. fxe3 Bxd1 30. Bxc4 Be2+ 31. R@d1 Qxd1+ 32. Nxd1 R@c1# 
{PJK checkmated} 0-1

[Event "fics rated crazyhouse match"]
[Site "fics, Oklahoma City, OK USA"]
[Date "2000.10.04"]
[White "GhostShell"]
[WhiteElo "2365"]
[Black "PJK"]
[BlackElo "2249"]
[TimeControl "60+0"]
[Result "1-0"]

1. e4 Nc6 2. Nc3 e5 3. Nf3 Bb4 4. Bc4 Bxc3 5. bxc3 Nf6 6. d3 
N@d6 7. Bb3 Na5 8. O-O Nxb3 9. axb3 B@g4 10. B@e2 Nb5 11. Nxe5 Nxc3 
12. Bxg4 Nxd1 13. Rxd1 d6 14. Bxc8 Rxc8 15. Nxf7 Kxf7 16. N@g5+ Kf8 17. N@e6+ 
Ke7 18. Nxd8 B@d7 19. Q@f7+ Kxd8 20. P@e7# 
{PJK checkmated} 1-0

[Event "fics rated crazyhouse match"]
[Site "fics, Oklahoma City, OK USA"]
[Date "2000.10.04"]
[White "PJK"]
[WhiteElo "2244"]
[Black "GhostShell"]
[BlackElo "2374"]
[TimeControl "60+0"]
[Result "0-1"]

1. Nf3 e6 2. g3 b6 3. Bg2 Bb7 4. d4 Nf6 5. Nc3 Bb4 6. O-O 
Bxc3 7. bxc3 Nd5 8. Bb2 N@c4 9. B@c1 d6 10. Nd2 Nxd2 11. Qxd2 O-O 
12. Qd1 N@c4 13. e4 Nf6 14. Re1 e5 15. d5 Na6 16. Ba3 Nxa3 17. Bxa3 
B@c5 18. Bxc5 Nxc5 19. B@d3 B@g6 20. N@h4 Bxe4 21. Bdxe4 Nfxe4 22. Bxe4 Nxe4 
23. Rxe4 B@g6 24. Nxg6 hxg6 25. B@h4 P@g5 26. Bxg5 Qxg5 27. B@h4 Qh5 28. N@g4 
Qh8 29. P@h7+ Kxh7 30. N@g5+ Kg8 31. N@f6+ gxf6 32. Nxf6+ Qxf6 33. Nxf7 Qxf7 
34. P@f6 P@f5 35. P@g7 Rfe8 36. Re1 Bxd5 37. Qxd5 Qxd5 38. B@g2 N@h3+ 39. Kh1 
Q@g1+ 40. Rxg1 Nxf2# 
{PJK checkmated} 0-1

[Event "fics rated crazyhouse match"]
[Site "fics, Oklahoma City, OK USA"]
[Date "2000.10.04"]
[White "GhostShell"]
[WhiteElo "2383"]
[Black "PJK"]
[BlackElo "2239"]
[TimeControl "60+0"]
[Result "1-0"]

1. e4 e5 2. Nc3 Bc5 3. Nf3 Nf6 4. Bc4 c6 5. O-O d5 6. exd5 
cxd5 7. Nxd5 Nxd5 8. Bxd5 Qxd5 9. N@c7+ Kd8 10. Nxd5 B@d6 11. d4 exd4 
12. Nxd4 P@e6 13. Bg5+ P@f6 14. Nxf6 Be7 15. P@c7+ Kxc7 16. Nb5+ Kb6 17. Q@c7+ 
Kxb5 18. c4+ Kxc4 19. Qb3+ Kd4 20. Be3# 
{PJK checkmated} 1-0

[Event "fics rated crazyhouse match"]
[Site "fics, Oklahoma City, OK USA"]
[Date "2000.10.04"]
[White "PJK"]
[WhiteElo "2234"]
[Black "GhostShell"]
[BlackElo "2391"]
[TimeControl "60+0"]
[Result "0-1"]

1. e4 e6 2. d4 b6 3. Be3 Bb7 4. Bd3 Nf6 5. Nd2 d5 6. e5 
Ne4 7. Nxe4 dxe4 8. Bb5+ Nd7 9. Bxd7+ Qxd7 10. Ne2 N@h4 11. Rg1 Nxg2+ 
12. Rxg2 P@f3 13. Rg1 fxe2 14. Qxe2 B@f3 15. Qd2 N@c4 16. Qc3 Nxe5 17. dxe5 
Rd8 18. P@d4 P@b4 19. Qd2 Ba6 20. N@f4 Qb5 21. N@e2 Bxe2 22. Qxe2 Qxe2+ 
23. Nxe2 N@f3+ 24. Kd1 Bxe2+ 25. Kxe2 Q@c4+ 26. B@d3 exd3+ 27. cxd3 Qc2+ 28. B@d2 
Nxd4+ 29. Bxd4 P@e4 30. Q@e3 Qxd3+ 31. Qxd3 exd3+ 32. Kxd3 Rxd4+ 33. Kxd4 Bc5+ 
34. Kd3 Q@d4+ 35. Ke2 B@b5+ 36. Kd1 P@e2+ 37. Kc1 N@d3+ 38. Kb1 Qxb2# 
{PJK checkmated} 0-1

[Event "fics rated crazyhouse match"]
[Site "fics, Oklahoma City, OK USA"]
[Date "2000.10.04"]
[White "Hydropawnic"]
[WhiteElo "2213"]
[Black "RFrancisco"]
[BlackElo "2300"]
[TimeControl "60+0"]
[Result "0-1"]

1. e4 e6 2. d4 Nc6 3. Nf3 Nf6 4. Bg5 Be7 5. Bxf6 Bxf6 6. Nc3 
B@h5 7. Bb5 Bxd4 8. Bxc6 Bxf2+ 9. Kxf2 bxc6 10. N@g3 Bg6 11. Rf1 P@f4 
12. Nge2 B@e3# 
{Hydropawnic resigns} 0-1

[Event "fics rated crazyhouse match"]
[Site "fics, Oklahoma City, OK USA"]
[Date "2000.10.05"]
[White "Flesh"]
[WhiteElo "2257"]
[Black "Lomboc"]
[BlackElo "2327"]
[TimeControl "60+0"]
[Result "0-1"]

1. e4 e6 2. d4 d5 3. e5 Nc6 4. Nf3 Bd7 5. Nc3 Nge7 6. Bg5 
Qc8 7. Bxe7 Bxe7 8. Bb5 Rg8 9. Bxc6 Bxc6 10. N@h5 B@g6 11. Nxg7+ Rxg7 
12. P@f6 Rg8 13. fxe7 N@g4 14. N@f6+ Nxf6 15. exf6 B@h6 16. B@g5 Bxg5 17. Nxg5 
B@h6 18. B@f4 N@e4 19. Ncxe4 dxe4 20. N@g4 Bxg5 21. Bxg5 N@f5 22. Nh6 Nxh6 
23. Bxh6 N@f5 24. Bg7 Nxg7 25. fxg7 Kxe7 26. B@f8+ Rxf8 27. gxf8=Q+ Qxf8 28. N@f6 
Kxf6 29. N@g4+ Kg7 30. N@f6 P@e7 31. R@g8+ Qxg8 32. Nxg8 Kxg8 33. Nh6+ Kg7 
34. Qg4 Kxh6 35. h4 Kg7 36. Qg5 B@h6 37. Qxe7 P@d2+ 38. Kf1 Bb5+ 39. P@d3 
N@g3+ 40. fxg3 N@e3+ 41. Ke2 R@e1+ 42. Rhxe1 dxe1=Q+ 43. Rxe1 B@h5# 
{Flesh forfeits on time} 0-1

[Event "fics rated crazyhouse match"]
[Site "fics, Oklahoma City, OK USA"]
[Date "2000.10.05"]
[White "MyPartner"]
[WhiteElo "2360"]
[Black "BEO"]
[BlackElo "2201"]
[TimeControl "180+0"]
[Result "1-0"]

1. e4 e6 2. d4 d5 3. exd5 exd5 4. Bb5+ c6 5. Qe2+ Be7 6. Bf4 
cxb5 7. Qxb5+ P@c6 8. Qb3 Nd7 9. P@d6 Bg5 10. Qe3+ B@e4 11. Bxg5 Ndf6 
12. Bxf6 Nxf6 13. N@c7+ Kf8 14. P@e7# 
{BEO resigns} 1-0